 Dungeon Crawl Stone Soup version 0.20.0-15-g7f486f2 (webtiles) character file.

2955 Naow the Cleaver (level 10, -3/72 HPs)
             Began as a Formicid Fighter on June 9, 2017.
             Slain by a hornet (13 damage)
             ... on level 7 of the Dungeon.
             The game lasted 00:12:35 (6836 turns).

Naow the Cleaver (Formicid Fighter)                 Turns: 6836, Time: 00:12:36

Health: -3/72      AC:  8    Str: 23    XL:     10   Next: 8%
Magic:  10/10      EV:  9    Int: 14    God:
Gold:   361        SH: 11    Dex: 10    Spells: 9/9 levels left

rFire    + + .     SeeInvis +   a - +0 war axe
rCold    + . .     Gourm    .   c - +0 shield
rNeg     . . .     Faith    .   b - +0 scale mail
rPois    .         Spirit   .   (helmet unavailable)
rElec    .         Reflect  .   (no cloak)
rCorr    .         Harm     .   d - +0 pair of gloves
MR       +....                  (no boots)
Stlth    ..........             (no amulet)
Regen    0.7/turn               k - ring of protection from cold
MPRegen  0.2/turn               s - ring of protection from fire

@: brilliant, lethally poisoned (-3 -> -25)
A: permanent stasis, dig shafts and tunnels, four strong arms, antennae 3, beak,
fire resistance 1, regeneration 1
a: Dig, Shaft Self


You were on level 7 of the Dungeon.
You were not hungry.

You visited 1 branch of the dungeon, and saw 7 of its levels.

You collected 361 gold pieces.

Inventory:

Hand Weapons
 a - a +0 war axe (weapon)
Armour
 b - a +0 scale mail (worn)
 c - a +0 shield (worn)
 d - a +0 pair of gloves (worn)
Jewellery
 k - a ring of protection from cold (left hand)
 s - a ring of protection from fire (right hand)
Wands
 u - a wand of polymorph (15/24)
Scrolls
 e - 2 scrolls of enchant armour {unknown}
 g - 4 scrolls of identify {unknown}
 i - 2 scrolls of immolation {unknown}
 l - 6 scrolls of remove curse {unknown}
 m - 3 scrolls of enchant weapon {unknown}
 n - 2 scrolls of recharging {unknown}
 o - 4 scrolls of teleportation {unknown}
 p - 2 scrolls of amnesia {unknown}
 q - 4 scrolls of magic mapping {unknown}
 x - a scroll of noise {unknown}
Potions
 j - 3 potions of mutation
 t - a potion of brilliance
 A - a potion of ambrosia
Books
 v - a book of Misfortune

   Spells                             Type                      Level
   a - Confusing Touch                Hexes                        1
   b - Confuse                        Hexes                        3
   c - Gell's Gravitas                Translocation                3
   d - Petrify                        Transmutation/Earth          4
   e - Metabolic Englaciation         Hexes/Ice                    5
   f - Yara's Violent Unravelling     Hexes/Transmutation          5
 w - a book of Ice

   Spells                             Type                      Level
   a - Ice Form                       Ice/Transmutation            4
   b - Metabolic Englaciation         Hexes/Ice                    5
   c - Ozocubu's Refrigeration        Ice                          6
   d - Bolt of Cold                   Conjuration/Ice              6
   e - Freezing Cloud                 Conjuration/Ice/Air          6
   f - Simulacrum                     Ice/Necromancy               6
Comestibles
 f - 7 bread rations
 h - 2 meat rations
 r - a royal jelly
 z - a chunk of flesh


   Skills:
 + Level 4.2 Fighting
 * Level 10.9 Axes
 - Level 3.2 Armour
 - Level 9.4 Shields


You had 9 spell levels left.
You didn't know any spells.

Dungeon Overview and Level Annotations

Branches:
Dungeon (7/15)
 Temple: D:4-7

Altars:
Makhleb
Trog

Shops:
D:5 }*

Annotations:
D:4 Robin, Sigmund


Innate Abilities, Weirdness & Mutations

You cannot be hasted, slowed, berserked, paralysed or teleported.
You can dig through walls and to a lower floor.
Your four strong arms can wield two-handed weapons with a shield.
You have a pair of large antennae on your head. (SInv)
You have a beak for a mouth.
Your flesh is heat resistant. (rF+)
Your natural rate of healing is unusually fast.


Message History

The hornet is heavily wounded.
* * * LOW HITPOINT WARNING * * *
You feel very sick. The hornet closely misses you.
The hornet barely misses you.
You miss the hornet. You peck the hornet.
The hornet is heavily wounded.
* * * LOW HITPOINT WARNING * * *
You feel very sick.
The hornet stings you but does no damage.
You feel less invigorated.
You feel less confused.
* * * LOW HITPOINT WARNING * * *
You feel very sick. The hornet barely misses you.
Okay, then.
You slash the hornet!
The hornet is severely wounded.
* * * LOW HITPOINT WARNING * * *
You feel sick. The hornet stings you!
You die...

#.#
#......###....##.#
#.#
#...........#.....
#>#
##.########....#.#
#.####.# ###..#.#
#......# #..#..
#.###### #..###
#.# #.######
#...y@.# #.####.#
.### #.# #.# ....
#.# #.# #.####.#
#.#....# #......#
##.....# #.....#


You could see a hornet.

Vanquished Creatures
  Pikel (D:3)
  A spriggan (D:6)
  A hungry ghost (D:7)
  Edmund (D:5)
  A water moccasin (D:6)
  2 orc warriors (D:6)
  4 slaves
  An ice beast (D:6)
  A phantom (D:5)
  A necrophage (D:7)
  An ogre (D:5)
  2 bullfrogs
  4 scorpions
  2 wights (D:7)
  3 crimson imps
  A quasit (D:7)
  2 centaur zombies
  2 hounds
  5 orc priests
  A jelly (D:7)
  A bullfrog skeleton (D:6)
  2 iguanas
  4 orc wizards
  2 worker ants
  2 hound zombies
  2 mummies (D:7)
  A worker ant zombie (D:7)
  4 gnolls (D:3)
  9 adders
  A howler monkey skeleton (D:6)
  2 shadow imps
  3 oozes (D:1)
  An adder zombie (D:5)
  An adder skeleton (D:6)
  7 worms
  2 dart slugs (D:3)
  2 leopard geckos
  31 orcs
  2 ball pythons (D:3)
  6 bats
  8 giant cockroaches
  16 goblins
  15 hobgoblins
  5 jackals
  A quokka (D:3)
  7 frilled lizards
  A jackal skeleton (D:4)
  6 kobolds
  A quokka skeleton (D:5)
  13 rats
195 creatures vanquished.

Notes
Turn   | Place    | Note
-------+----------+-------------------------------------------
     0 | D:1      | Naow the Formicid Fighter began the quest for the Orb.
     0 | D:1      | Reached XP level 1. HP: 18/18 MP: 1/1
   132 | D:1      | Reached XP level 2. HP: 22/24 MP: 2/2
   378 | D:1      | Reached XP level 3. HP: 29/29 MP: 3/3
   403 | D:1      | Reached skill level 3 in Axes
   992 | D:2      | Reached XP level 4. HP: 35/35 MP: 4/4
  1013 | D:2      | Found a burning altar of Makhleb.
  1727 | D:3      | Reached skill level 4 in Axes
  1727 | D:3      | Reached XP level 5. HP: 34/41 MP: 5/5
  2152 | D:3      | Reached skill level 5 in Shields
  2854 | D:4      | Reached XP level 6. HP: 25/47 MP: 6/6
  2864 | D:4      | Reached skill level 5 in Axes
  3070 | D:4      | Noticed a slave
  3072 | D:4      | Noticed a slave
  3072 | D:4      | Noticed a slave
  3073 | D:4      | Noticed a slave
  3074 | D:4      | Noticed Pikel
  3137 | D:3      | Killed a slave
  3384 | D:4      | Noticed Robin
  3490 | D:4      | Noticed Sigmund
  3505 | D:4      | Gained mutation: You have a beak for a mouth. [potion of mutation]
  3505 | D:4      | Gained mutation: Your flesh is heat resistant. (rF+) [potion of mutation]
  3505 | D:4      | Gained mutation: Your natural rate of healing is unusually fast. [potion of mutation]
  3686 | D:4      | Found a bloodstained altar of Trog.
  3805 | D:3      | Killed a slave
  3996 | D:3      | Killed Pikel
  3996 | D:3      | Reached skill level 7 in Axes
  3996 | D:3      | Reached XP level 7. HP: 32/52 MP: 7/7
  3996 | D:3      | Reached XP level 8. HP: 36/58 MP: 8/8
  4326 | D:5      | Entered Level 5 of the Dungeon
  4378 | D:5      | Found Worrokux's Assorted Antiques.
  4511 | D:5      | Found Ebase's Gadget Emporium.
  4621 | D:5      | Reached skill level 8 in Axes
  5044 | D:6      | Reached XP level 9. HP: 13/64 MP: 9/9
  5161 | D:6      | Noticed Edmund
  5252 | D:5      | Killed Edmund
  5252 | D:5      | Reached skill level 9 in Axes
  5741 | D:6      | Reached skill level 10 in Axes
  6649 | D:6      | Reached XP level 10. HP: 71/71 MP: 10/10
  6836 | D:7      | Slain by a hornet

Skill      XL: |  1  2  3  4  5  6  7  8  9 10 |
---------------+-------------------------------+-----
Shields        | 4 5 6 8 9 |  9.4
Axes           | 3 4 7 8 10 | 10.9
Fighting       | 4 |  4.2
Armour         | |  3.2

Action                   |  1- 3 |  4- 6 |  7- 9 | 10-12 || total
-------------------------+-------+-------+-------+-------++-------
Melee: War axe           |    85 |   343 |   366 |    33 ||   827
       Peck              |       |    12 |    63 |     3 ||    78
       Unarmed           |       |       |     4 |       ||     4
  Use: Potion            |       |     3 |     1 |     2 ||     6
 Stab: Distracted        |       |       |     1 |       ||     1
  Eat: Chunk             |       |    11 |    11 |     1 ||    23
Armor: Scale mail        |    27 |   109 |    84 |    12 ||   232
Dodge: Dodged            |    29 |   102 |    86 |    12 ||   229
Block: Shield            |    51 |   170 |   145 |    16 ||   382
